[Event "Wednesday Jan 17th Engine Tour 9Rd Swiss 12m+1s Starts at 1600hrs ST"]
[Site "Infinity Chess"]
[Date "2018.1.17"]
[Round "1"]
[White "Ninja_Bp"]
[Black "ivrdurant"]
[Result "1/2-1/2"]
[ECO "A06"]
[WhiteElo "2462"]
[BlackElo "2410"]
[WhiteEngine "Houdini 6_CTG"]
[BlackEngine "Raubfisch ME262_GTZ16b3._CTG"]
[EventType "Swiss"]
[WhiteTeam ""]
[BlackTeam ""]
[PlyCount "98"]
[TimeControl "720+1"]

1. Nf3 d5 2. d4 Nf6 3. c4 e6 4. Nc3 c6 5. e3 Nbd7 6. Qc2 Bd6 7. Bd3 O-O 
8. O-O dxc4 9. Bxc4 b5 10. Be2 Bb7 11. a3 a5 12. e4 e5 13. Rd1 exd4 14. Rxd4 Bc5 
15. Rd3 Qe7 16. Bg5 Ne5 17. Nxe5 Qxe5 18. Bh4 Nxe4 19. Nxe4 Qxe4 20. Bf3 Qxh4 
21. Qxc5 Qc4 22. Qxc4 bxc4 23. Rd2 g6 24. Rad1 Rab8 25. h3 Ba6 26. Bxc6 Rfc8 
27. Bd7 Rd8 28. Bg4 Rd3 29. Rc2 f5 30. Be2 Rxd1+ 31. Bxd1 Kf7 32. f4 Ke6 
33. Rd2 Bb7 34. Be2 Rc8 35. Kf2 Be4 36. Rd4 c3 37. bxc3 Rxc3 38. Ra4 Rc5 
39. g4 Kd5 40. g5 Bc2 41. Bf3+ Be4 42. Be2 Kc6 43. Rc4 Bd5 44. Rxc5+ Kxc5 
45. Ke3 Bc4 46. Bd1 Ba2 47. Be2 Bc4 48. Bd1 Ba2 49. Be2 Bc4 1/2-1/2

[Event "Wednesday Jan 17th Engine Tour 9Rd Swiss 12m+1s Starts at 1600hrs ST"]
[Site "Infinity Chess"]
[Date "2018.1.17"]
[Round "1"]
[White "ocirema"]
[Black "Harry_Potter"]
[Result "1/2-1/2"]
[ECO "C77"]
[WhiteElo "2414"]
[BlackElo "2466"]
[WhiteEngine "stockfish_18011309_x64_modern_CTG"]
[BlackEngine "Stockfish_18011309_x64_bmi2_CTG"]
[EventType "Swiss"]
[WhiteTeam ""]
[BlackTeam ""]
[PlyCount "93"]
[TimeControl "720+1"]

1. e4 e5 2. Nf3 Nc6 3. Bb5 a6 4. Ba4 Nf6 5. O-O Be7 6. Re1 b5 7. Bb3 O-O 
8. c3 d5 9. exd5 Nxd5 10. Nxe5 Nxe5 11. Rxe5 c6 12. Re1 Bd6 13. d3 Bf5 
14. Qf3 Qf6 15. Nd2 Qg6 16. Bd1 Bxd3 17. Ne4 Bxe4 18. Qxe4 Qxe4 19. Rxe4 Rfe8 
20. Rxe8+ Rxe8 21. Kf1 Be5 22. Be2 Nb6 23. Bf3 Rc8 24. g3 a5 25. Ke2 a4 
26. Kd3 f6 27. Kc2 a3 28. bxa3 Bd6 29. Kb3 Bc5 30. Be3 Bxe3 31. fxe3 Nc4 
32. Kb4 Ne5 33. Be4 Ra8 34. Bc2 Kf7 35. Rd1 Ke7 36. h4 h5 37. Bb3 g5 38. Bc2 g4 
39. a4 bxa4 40. c4 Rb8+ 41. Kc5 a3 42. Bb3 f5 43. Kd4 Kf6 44. Kc3 Ke7 
45. Kd4 Kf6 46. Kc5 Ke7 47. Kd4 1/2-1/2

[Event "Wednesday Jan 17th Engine Tour 9Rd Swiss 12m+1s Starts at 1600hrs ST"]
[Site "Infinity Chess"]
[Date "2018.1.17"]
[Round "1"]
[White "Eman"]
[Black "OlivierEvan"]
[Result "1/2-1/2 "]
[ECO "E10"]
[WhiteElo "2472"]
[BlackElo "2420"]
[WhiteEngine "Eman 1.62 64-bit POPCNT"]
[BlackEngine "Houdini 6"]
[EventType "Swiss"]
[WhiteTeam ""]
[BlackTeam ""]
[PlyCount "169"]
[TimeControl "720+1"]

1. d4 Nf6 2. c4 e6 3. Nf3 d5 4. Nc3 c6 5. e3 Bd6 6. h3 O-O 7. b3 Ne4 
8. Nxe4 dxe4 9. Nd2 f5 10. c5 Bc7 11. Qc2 Nd7 12. a4 Nf6 13. Nc4 Nd5 14. Be2 Bd7 
15. a5 Qe7 16. g3 a6 17. Ba3 Rf6 18. O-O-O Be8 19. Kb2 Rh6 20. Nb6 Rd8 
21. Nxd5 exd5 22. Bb4 Bh5 23. Bxh5 Rxh5 24. h4 g6 25. Rdf1 Rf8 26. Qd1 Bd8 
27. Be1 Qe8 28. Bd2 Rf6 29. Re1 Kg7 30. Bb4 Bc7 31. Bc3 Kf8 32. b4 Kg7 
33. Kc2 Bd8 34. Kd2 Re6 35. Bb2 Rh6 36. Reg1 Qe7 37. Rh2 g5 38. Rgh1 g4 
39. Ke1 Rhg6 40. Kf1 h5 41. Kg2 Kf8 42. Re1 Bc7 43. Kg1 Qf7 44. Rg2 Re8 
45. Qb3 Kg8 46. Rc1 Kh7 47. Kh1 Kg7 48. Rgg1 Rge6 49. Rc3 Rd8 50. Re1 Ree8 
51. Kg1 Kh7 52. Rcc1 Qe7 53. Ra1 Rf8 54. Bc3 Kg6 55. Bd2 Rg8 56. Rab1 Kf6 
57. Ra1 Rgf8 58. Re2 Ke6 59. Ree1 Kd7 60. b5 cxb5 61. Qxd5+ Kc8 62. Qa2 Qf7 
63. Qb2 Qd5 64. Bc3 Rf6 65. Qa2 Qxa2 66. Rxa2 Rd5 67. Kg2 Bd8 68. Raa1 Kc7 
69. Rh1 Kc6 70. Kf1 Rd7 71. Ke2 Re6 72. Kd1 Bc7 73. Rb1 Re8 74. Kd2 Rdd8 
75. Kc2 Kd5 76. Rhd1 Rc8 77. Kb3 Bb8 78. Bb4 Re7 79. Rh1 Rd7 80. Rbc1 Rf7 
81. Rcd1 Rc6 82. Bc3 Rh7 83. Kb2 Rd7 84. Bb4 Bc7 85. Rb1 1/2-1/2

[Event "Wednesday Jan 17th Engine Tour 9Rd Swiss 12m+1s Starts at 1600hrs ST"]
[Site "Infinity Chess"]
[Date "2018.1.17"]
[Round "1"]
[White "MarioDeMonti"]
[Black "SkyPilot"]
[Result "1/2-1/2"]
[ECO "D15"]
[WhiteElo "2432"]
[BlackElo "2472"]
[WhiteEngine "stockfish_x64_bmi2_2018_01_13_CTG"]
[BlackEngine "stockfish_x64_bmi2_2018_01_13_CTG"]
[EventType "Swiss"]
[WhiteTeam ""]
[BlackTeam ""]
[PlyCount "103"]
[TimeControl "720+1"]

1. d4 d5 2. c4 c6 3. Nf3 Nf6 4. Nc3 e6 5. Bg5 h6 6. Bh4 dxc4 7. e4 g5 8. Bg3 b5 
9. Be2 Bb7 10. h4 g4 11. Ne5 Nbd7 12. Nxd7 Qxd7 13. Be5 Qd8 14. a4 b4 15. Nb1 c5 
16. Nd2 cxd4 17. Bxc4 Bg7 18. Bb5+ Kf8 19. a5 Rc8 20. a6 Ba8 21. Rc1 Rxc1 
22. Qxc1 Kg8 23. Qc5 Nd7 24. Bxd7 Qxd7 25. O-O Bxe5 26. Qxe5 Kh7 27. Nc4 Rf8 
28. Rd1 d3 29. Nd6 f5 30. Nb7 Bxb7 31. axb7 Qxb7 32. Rxd3 Qe7 33. Rd6 Qf6 
34. Qxf6 Rxf6 35. e5 Rf7 36. Rxe6 f4 37. Kf1 f3 38. gxf3 Rxf3 39. Ra6 h5 
40. e6 Kg6 41. Rxa7 Kf6 42. e7 Kf7 43. e8=Q+ Kxe8 44. Ra5 g3 45. Kg2 gxf2 
46. Kf1 Kd7 47. Rxh5 Rh3 48. Rh7+ Ke8 49. Ke2 b3 50. Rh5 Rh2 51. Rc5 Kd7 52. Rh5 
1/2-1/2

[Event "Wednesday Jan 17th Engine Tour 9Rd Swiss 12m+1s Starts at 1600hrs ST"]
[Site "Infinity Chess"]
[Date "2018.1.17"]
[Round "1"]
[White "Vimtiroba"]
[Black "hafaba"]
[Result "1/2-1/2"]
[ECO "B00"]
[WhiteElo "2475"]
[BlackElo "2434"]
[WhiteEngine "SF@Infinity T1_CTG"]
[BlackEngine "Stockfish SL 07012018 POPCNT_CTG"]
[EventType "Swiss"]
[WhiteTeam ""]
[BlackTeam ""]
[PlyCount "118"]
[TimeControl "720+1"]

1. e4 Nc6 2. Nf3 e5 3. Bc4 Nf6 4. d3 Bc5 5. O-O h6 6. c3 d6 7. b4 Bb6 
8. Nbd2 O-O 9. Re1 Ne7 10. a4 a5 11. b5 Ng6 12. d4 Re8 13. Qb3 Qd7 14. Bb2 Nf4 
15. g3 Nh3+ 16. Kg2 Re7 17. Ng1 h5 18. Ngf3 g6 19. Rf1 g5 20. Rae1 h4 
21. Kh1 Qg4 22. Ng1 Qh5 23. Qd1 hxg3 24. fxg3 Qxd1 25. Rxd1 Kg7 26. Ngf3 exd4 
27. Nxd4 Bd7 28. Kg2 Ng4 29. Rde1 Rh8 30. N2f3 f6 31. Re2 Kg6 32. Ba3 Reh7 
33. Kh1 Re8 34. Kg2 Reh8 35. Kh1 Bc8 36. Bd5 Kg7 37. Bb2 Bc5 38. Bc1 Re8 
39. Kg2 Bb6 40. Rd1 Kf8 41. Rh1 Kg7 42. Rd1 Kf8 43. Rf1 Rh8 44. Ba3 Kg7 
45. Bb2 Bc5 46. Rfe1 Kf8 47. c4 b6 48. Rf1 Kg7 49. Ree1 Rh7 50. Re2 Kf8 
51. Bc6 Ree7 52. Bd5 Re8 53. Nd2 Bxd4 54. Bxd4 Nf4+ 55. gxf4 Rxh2+ 56. Kf3 Rh3+ 
57. Kg2 Rh2+ 58. Kf3 Rh3+ 59. Kg2 Rh2+ 1/2-1/2

[Event "Wednesday Jan 17th Engine Tour 9Rd Swiss 12m+1s Starts at 1600hrs ST"]
[Site "Infinity Chess"]
[Date "2018.1.17"]
[Round "1"]
[White "star99"]
[Black "avilllaa"]
[Result "1/2-1/2"]
[ECO "E40"]
[WhiteElo "2435"]
[BlackElo "2479"]
[WhiteEngine "Cryptic AIL V1"]
[BlackEngine "Cryptic AIL V1"]
[EventType "Swiss"]
[WhiteTeam ""]
[BlackTeam ""]
[PlyCount "54"]
[TimeControl "720+1"]

1. d4 Nf6 2. c4 e6 3. Nc3 Bb4 4. e3 O-O 5. Bd3 b6 6. Nf3 Bb7 7. O-O d5 
8. cxd5 exd5 9. a3 Bxc3 10. bxc3 Nc6 11. c4 dxc4 12. Bxc4 Na5 13. Be2 Qd5 
14. Qc2 Rfc8 15. Bb2 c5 16. dxc5 Rxc5 17. Qa4 Qb3 18. Qb4 Nd5 19. Qd4 Nc3 
20. Bxc3 Qxc3 21. Rfd1 g6 22. Qxc3 Rxc3 23. Nd4 Rc5 24. Nb5 Rc2 25. Nd4 Rc5 
26. Nb5 Rc2 27. Nd4 Rc5 1/2-1/2

[Event "Wednesday Jan 17th Engine Tour 9Rd Swiss 12m+1s Starts at 1600hrs ST"]
[Site "Infinity Chess"]
[Date "2018.1.17"]
[Round "1"]
[White "Marsell"]
[Black "Cepri"]
[Result "1/2-1/2"]
[ECO "C55"]
[WhiteElo "2481"]
[BlackElo "2439"]
[WhiteEngine "asmFishW_2018-01-11_popcnt"]
[BlackEngine "asmFishW_12J18Mb_CTG"]
[EventType "Swiss"]
[WhiteTeam ""]
[BlackTeam ""]
[PlyCount "118"]
[TimeControl "720+1"]

1. e4 e5 2. Nf3 Nc6 3. Bc4 Nf6 4. d3 Bc5 5. c3 O-O 6. O-O d6 7. h3 a5 8. Nbd2 h6 
9. Re1 Be6 10. b3 Bb6 11. a4 d5 12. Bb5 Ne7 13. exd5 Nfxd5 14. Qc2 c6 
15. Bc4 Ng6 16. d4 Ndf4 17. dxe5 Nh4 18. Bf1 Bd5 19. Re4 Nfg6 20. Bc4 Re8 
21. g3 Nxf3+ 22. Nxf3 Qd7 23. Bxd5 cxd5 24. e6 Rxe6 25. Rxe6 Qxe6 26. Kg2 Rd8 
27. Ra2 Qe4 28. Qxe4 dxe4 29. Nd2 Rd3 30. Nxe4 f5 31. Nd2 Rxc3 32. Nc4 Rxc1 
33. Nxb6 Rb1 34. Nc4 Rxb3 35. Nxa5 Rb4 36. Ra3 f4 37. Rb3 Rxa4 38. Nxb7 fxg3 
39. fxg3 Ra2+ 40. Kf3 Ne5+ 41. Kf4 Nd7 42. Nd6 Ra6 43. Nf5 Nc5 44. Rb5 Ra4+ 
45. Ke3 Ra3+ 46. Kd4 Ne6+ 47. Ke5 Ng5 48. h4 Nf7+ 49. Kf4 Kh7 50. Rb7 Ra4+ 
51. Ke3 Ra3+ 52. Kf2 Kg6 53. g4 Ne5 54. Rxg7+ Kf6 55. Rg8 Nxg4+ 56. Rxg4 Kxf5 
57. Rc4 Kg6 58. Rc2 Kh5 59. Kg2 Ra4 1/2-1/2

[Event "Wednesday Jan 17th Engine Tour 9Rd Swiss 12m+1s Starts at 1600hrs ST"]
[Site "Infinity Chess"]
[Date "2018.1.17"]
[Round "1"]
[White "marudam"]
[Black "Gilgamesch"]
[Result "1/2-1/2"]
[ECO "C65"]
[WhiteElo "2444"]
[BlackElo "2490"]
[WhiteEngine "stockfish291217_CTG"]
[BlackEngine "BrainFish_171005_x64_bmi2"]
[EventType "Swiss"]
[WhiteTeam ""]
[BlackTeam ""]
[PlyCount "141"]
[TimeControl "720+1"]

1. e4 e5 2. Nf3 Nc6 3. Bb5 Nf6 4. O-O Nxe4 5. Re1 Nd6 6. Nxe5 Be7 7. Bf1 Nxe5 
8. Rxe5 O-O 9. d4 Bf6 10. Re1 Re8 11. Bf4 Rxe1 12. Qxe1 Ne8 13. c3 c6 14. Qe3 g6 
15. Nd2 d5 16. h3 Ng7 17. Nf3 h5 18. Re1 Bf5 19. a4 Ne6 20. Bh2 Bg7 21. Bg3 Be4 
22. Ne5 a5 23. Bd3 Bxe5 24. Bxe5 Bxd3 25. Qxd3 Qg5 26. Re3 Ng7 27. Bc7 Ne6 
28. Be5 Ng7 29. b3 h4 30. Bc7 Ne6 31. Be5 Ng7 32. Bc7 Ne6 33. Bd6 Re8 
34. Qe2 Qd8 35. Bc5 Qc7 36. Ba3 Qb6 37. c4 dxc4 38. Qxc4 Qc7 39. d5 cxd5 
40. Qxc7 Nxc7 41. Rxe8+ Nxe8 42. Be7 Ng7 43. Bxh4 Ne6 44. f3 Nd4 45. Bf2 Nxb3 
46. Bb6 d4 47. Kf2 d3 48. Ke3 d2 49. Ke2 f5 50. Be3 Kf8 51. g3 Kf7 52. Bxd2 Ke6 
53. Be3 b5 54. axb5 a4 55. Bd2 Nd4+ 56. Kd3 Nxb5 57. h4 a3 58. Bc3 a2 59. Bb2 f4 
60. g4 Nd6 61. Kd4 Ke7 62. h5 gxh5 63. gxh5 Nf7 64. Kd5 Ng5 65. h6 Kf7 
66. Ke5 Kg6 67. Kxf4 a1=Q 68. Bxa1 Kxh6 69. Bf6 Nf7 70. Kf5 Nd6+ 71. Ke6 1/2-1/2

[Event "Wednesday Jan 17th Engine Tour 9Rd Swiss 12m+1s Starts at 1600hrs ST"]
[Site "Infinity Chess"]
[Date "2018.1.17"]
[Round "1"]
[White "angriff"]
[Black "incredible"]
[Result "1/2-1/2"]
[ECO "B28"]
[WhiteElo "2513"]
[BlackElo "2447"]
[WhiteEngine "Raubfisch ME262_GTZ16b2_CTG"]
[BlackEngine "Stockfish_x64_bmi2"]
[EventType "Swiss"]
[WhiteTeam ""]
[BlackTeam ""]
[PlyCount "128"]
[TimeControl "720+1"]

1. e4 c5 2. Nf3 a6 3. c4 e6 4. Be2 Qb6 5. b3 Nc6 6. Bb2 Nf6 7. e5 Ng4 8. h3 Nh6 
9. Nc3 Nf5 10. Bd3 Nfd4 11. Ne4 Qc7 12. Nxd4 Nxe5 13. Qe2 cxd4 14. Bxd4 b5 
15. O-O Bb7 16. Rfe1 Be7 17. Rac1 b4 18. Bb1 Ng6 19. Qh5 Nf4 20. Qe5 Qxe5 
21. Bxe5 Nxg2 22. Kxg2 f5 23. Kf1 fxe4 24. Bxg7 Rg8 25. Bd4 d5 26. Ke2 Rd8 
27. cxd5 exd5 28. d3 Rd6 29. Rc7 Rd7 30. Rxd7 Kxd7 31. Kd2 Bg5+ 32. Kd1 Re8 
33. dxe4 dxe4 34. Ke2 a5 35. Rg1 Ba6+ 36. Kd1 h6 37. h4 Bxh4 38. Rg6 Re6 
39. Rxe6 Kxe6 40. Bxe4 Bb5 41. Kc2 Bg5 42. Bg6 Be2 43. Bb6 h5 44. Bxa5 h4 
45. Be4 Be7 46. Kd2 Bf1 47. Bc7 Bc5 48. Ke1 Bb5 49. Bf3 Bd3 50. Bg4+ Bf5 
51. Bxf5+ Kxf5 52. Ke2 Kg4 53. Bh2 Kh3 54. Bc7 Kg2 55. f4 h3 56. f5 h2 
57. Bxh2 Kxh2 58. Kd3 Kh3 59. f6 Kh4 60. f7 Kg5 61. a3 bxa3 62. Kc3 Kg6 
63. b4 a2 64. Kb2 a1=Q+ 1/2-1/2

[Event "Wednesday Jan 24 Engine Tour 15 Rd Swiss 12m+1s Starts at 1600hrs ST"]
[Site "Infinity Chess"]
[Date "2018.1.24"]
[Round "13"]
[White "RonWeasley"]
[Black "angriff"]
[Result "1-0"]
[ECO "B00"]
[WhiteElo "2497"]
[BlackElo "2418"]
[WhiteEngine "BrainFish 130117_CTG"]
[BlackEngine "Stockfish SL FA POPCNT_CTG"]
[EventType "Swiss"]
[WhiteTeam ""]
[BlackTeam ""]
[PlyCount "205"]
[TimeControl "720+1"]

1. e4 Nc6 2. Nc3 e5 3. g3 Bc5 4. Na4 d6 5. d3 f5 6. Nxc5 dxc5 7. Qh5+ g6 
8. Qe2 Nd4 9. Qd1 Nf6 10. Bg2 Qd6 11. Nf3 fxe4 12. Nxd4 cxd4 13. dxe4 Be6 
14. O-O O-O 15. Bh6 Rf7 16. h3 Nh5 17. b3 c5 18. c3 Bd7 19. Qd2 Bb5 20. Rfd1 b6 
21. a4 Bc6 22. a5 Rd8 23. axb6 axb6 24. b4 c4 25. b5 Be8 26. cxd4 exd4 
27. Ra4 c3 28. Qg5 Qe7 29. Bf1 c2 30. Qxe7 Rxe7 31. Rdxd4 Rxd4 32. Rxd4 Ng7 
33. Bc4+ Kf8 34. Bd5 Bxb5 35. Bb3 Rc7 36. Rd8+ Be8 37. Bc1 Ke7 38. Bg5+ Kf8 
39. Bc1 Ke7 40. Rd2 Rc3 41. Bxc2 Ne6 42. Bb2 Rc7 43. Kg2 Rc4 44. f3 Nc5 
45. Bd1 Ba4 46. Be2 Rb4 47. h4 h5 48. Ba3 Rb3 49. Rd3 Rb1 50. Rd5 Bb5 
51. Bd1 Ba6 52. Bc2 Re1 53. Rd2 Bc4 54. Bd1 Ke8 55. Bb4 Re3 56. Rd4 Bb5 
57. Rd6 Rd3 58. Rxb6 Rxd1 59. Rb8+ Rd8 60. Rxb5 Nd3 61. Bd2 Rc8 62. Rd5 Nb2 
63. Bg5 Rc6 64. Kf2 Nc4 65. Ke2 Re6 66. Rd8+ Kf7 67. Kd3 Ne5+ 68. Ke3 Rc6 
69. Kf4 Rc5 70. Rd6 Rb5 71. Rd5 Rxd5 72. exd5 Nc4 73. Ke4 Nb6 74. Ke5 Nc4+ 
75. Kd4 Na3 76. Kc5 Nc2 77. Kc6 Nb4+ 78. Kd6 Na6 79. Kd7 Nc5+ 80. Kd6 Na6 
81. Kd7 Nc5+ 82. Kc7 Ke8 83. Kd6 Nd7 84. Ke6 Nc5+ 85. Kf6 Nd7+ 86. Kxg6 Ne5+ 
87. Kxh5 Nd7 88. Kg6 Kf8 89. h5 Ne5+ 90. Kf5 Nd7 91. d6 Kf7 92. h6 Kf8 
93. Bf6 Kg8 94. g4 Kf7 95. h7 Nxf6 96. h8=Q Nd7 97. g5 Nf8 98. Qf6+ Kg8 
99. g6 Nxg6 100. Qxg6+ Kh8 101. Qg5 Kh7 102. Kf6 Kh8 103. Qg7# 1-0

[Event "Wednesday Jan 24 Engine Tour 15 Rd Swiss 12m+1s Starts at 1600hrs ST"]
[Site "Infinity Chess"]
[Date "2018.1.24"]
[Round "13"]
[White "miguello"]
[Black "hafaba"]
[Result "1/2-1/2"]
[ECO "A41"]
[WhiteElo "2385"]
[BlackElo "2440"]
[WhiteEngine "stockfish_18012314_x64_modern_CTG"]
[BlackEngine "Stockfish SL FA POPCNT_CTG"]
[EventType "Swiss"]
[WhiteTeam ""]
[BlackTeam ""]
[PlyCount "182"]
[TimeControl "720+1"]

1. d4 d6 2. e4 Nf6 3. Nc3 e5 4. Nf3 exd4 5. Nxd4 Be7 6. Bf4 Nc6 7. Bc4 O-O 
8. O-O Nd7 9. Nd5 Nb6 10. Nxc6 bxc6 11. Nxe7+ Qxe7 12. Bd3 Nc4 13. b3 Nb2 
14. Qd2 Nxd3 15. cxd3 a5 16. Rac1 c5 17. Rfe1 Be6 18. d4 cxd4 19. Qxd4 a4 
20. e5 c5 21. Qxd6 Qb7 22. Qxc5 axb3 23. axb3 Qxb3 24. Rc3 Qa4 25. Qe3 Rfc8 
26. Rxc8+ Rxc8 27. h3 h6 28. Qg3 Kh7 29. Qd3+ Kg8 30. Bd2 Qa8 31. Qg3 Kh7 
32. Qd3+ Kg8 33. Kh2 Rd8 34. Qc2 Qd5 35. Bc1 Qd4 36. f4 Rc8 37. Qd2 Qc4 
38. Qf2 Qc2 39. Bd2 Rb8 40. Qd4 Rb2 41. Re2 Rb1 42. Qe4 Qxe4 43. Rxe4 Rb2 
44. Re2 g5 45. fxg5 hxg5 46. Rf2 Kh7 47. Be3 Rxf2 48. Bxf2 Kg6 49. g4 f6 
50. exf6 Kxf6 51. Bd4+ Kf7 52. Be3 Kf6 53. Bd4+ Kf7 54. Kg3 Kg6 55. Be3 Bg8 
56. Bd2 Bf7 57. Bc1 Ba2 58. Be3 Bb1 59. Bc1 Bc2 60. Kf2 Bb1 61. Bb2 Ba2 
62. Kg3 Bb3 63. Ba1 Be6 64. Kf2 Ba2 65. Bd4 Be6 66. Kf3 Ba2 67. Kg3 Bb1 
68. Be3 Bd3 69. Bd2 Bf1 70. Bb4 Bc4 71. Kf2 Kf7 72. Bd6 Bd5 73. Bc5 Kg7 
74. Be3 Kg6 75. Bc5 Bf7 76. Kf3 Ba2 77. Kg2 Bb1 78. Kg3 Bc2 79. Kg2 Bb1 
80. Bb6 Be4+ 81. Kf1 Bd5 82. Be3 Be4 83. Kf2 Bb1 84. Kf1 Bd3+ 85. Kg1 Bb1 
86. Bb6 Be4 87. Kf2 Kf7 88. Bd8 Kg6 89. Be7 Bd5 90. Kf1 Bf7 91. h4 gxh4 1/2-1/2

[Event "Wednesday Jan 24 Engine Tour 15 Rd Swiss 12m+1s Starts at 1600hrs ST"]
[Site "Infinity Chess"]
[Date "2018.1.24"]
[Round "13"]
[White "BraveDevil"]
[Black "Thinker"]
[Result "1/2-1/2"]
[ECO "C77"]
[WhiteElo "2393"]
[BlackElo "2444"]
[WhiteEngine "Cryptic AIL V2"]
[BlackEngine "BrainFish_180113_x64_modern_CTG"]
[EventType "Swiss"]
[WhiteTeam ""]
[BlackTeam ""]
[PlyCount "114"]
[TimeControl "720+1"]

1. e4 e5 2. Nf3 Nc6 3. Bb5 a6 4. Ba4 Nf6 5. d3 b5 6. Bb3 Be7 7. O-O O-O 8. a4 b4 
9. a5 d6 10. Nbd2 Be6 11. Qe2 Bxb3 12. Nxb3 Re8 13. Be3 Qd7 14. Nfd2 h6 
15. Rfe1 Nh7 16. Nf1 f5 17. exf5 Qxf5 18. Ng3 Qf7 19. Rf1 Nd4 20. Nxd4 exd4 
21. Bd2 Bg5 22. Qd1 Bxd2 23. Qxd2 c5 24. Rae1 Nf6 25. Qf4 Re6 26. Nf5 Rae8 
27. Nxd6 Qc7 28. Nxe8 Qxf4 29. Rxe6 Ng4 30. g3 Qf7 31. Re4 Qh5 32. h4 b3 
33. cxb3 Ne5 34. Nd6 Nxd3 35. Nc4 Qf7 36. Nd2 Qc7 37. f4 Qxa5 38. Re8+ Kf7 
39. Nc4 Qc7 40. Rc8 Qe7 41. Ra8 a5 42. Ra6 Kg8 43. f5 Qc7 44. Rg6 Kh7 
45. Kh2 Ne5 46. Nxe5 Qxe5 47. Re6 Qd5 48. f6 Qxe6 49. f7 Qe2+ 50. Kg1 Qe3+ 
51. Kg2 Qe4+ 52. Kg1 Qd3 53. f8=Q Qxg3+ 54. Kh1 Qh3+ 55. Kg1 Qg3+ 56. Kh1 Qh3+ 
57. Kg1 Qg3+ 1/2-1/2

[Event "Wednesday Jan 24 Engine Tour 15 Rd Swiss 12m+1s Starts at 1600hrs ST"]
[Site "Infinity Chess"]
[Date "2018.1.24"]
[Round "13"]
[White "Satria_Ungu"]
[Black "ocirema"]
[Result "0-1"]
[ECO "E40"]
[WhiteElo "2376"]
[BlackElo "2444"]
[WhiteEngine "Houdini 6"]
[BlackEngine "stockfish_18012314_x64_modern_CTG"]
[EventType "Swiss"]
[WhiteTeam ""]
[BlackTeam ""]
[PlyCount "210"]
[TimeControl "720+1"]

1. d4 Nf6 2. c4 e6 3. Nc3 Bb4 4. e3 O-O 5. Nge2 d5 6. a3 Be7 7. cxd5 exd5 
8. Nf4 c6 9. Bd3 Bd6 10. O-O Re8 11. Qc2 Nbd7 12. f3 Nf8 13. Kh1 Bc7 14. Qf2 Ne6 
15. Nce2 Nxf4 16. exf4 Bd6 17. g4 Qb6 18. Be3 Qb3 19. Nc1 Qb6 20. Rg1 Nd7 
21. Ne2 Nf8 22. f5 Qb3 23. Nc3 Bd7 24. Rab1 Qb6 25. f4 Qd8 26. Bd2 c5 
27. b4 cxd4 28. Nb5 Bb8 29. Nxd4 Bc7 30. Bc3 Bb6 31. Ba1 a6 32. Rbd1 Ba4 
33. Rde1 Rxe1 34. Rxe1 h6 35. h4 Bb5 36. Bb1 Qd6 37. g5 Bd7 38. Bb2 h5 
39. Kg2 a5 40. b5 Rc8 41. Re5 g6 42. Qf3 Bxd4 43. Bxd4 Bxf5 44. Bxf5 gxf5 
45. Rxd5 Qe6 46. b6 a4 47. Bc5 Ng6 48. Kg3 Qe1+ 49. Bf2 Qf1 50. Rd6 Qc4 
51. Rd1 Nf8 52. Qxb7 Qb3+ 53. Kg2 Rc2 54. Qf3 Qxb6 55. Rc1 Rb2 56. Rc4 Qe6 
57. Rc6 Qd7 58. Kg3 Ne6 59. Rb6 Rxb6 60. Bxb6 Qb5 61. Ba7 Qb3 62. Kf2 Qb2+ 
63. Qe2 Qxa3 64. g6 Qe7 65. gxf7+ Kf8 66. Kg3 Qxf7 67. Be3 Qg7+ 68. Kf2 Qc3 
69. Qa6 Qc2+ 70. Ke1 Kf7 71. Qa5 Qd3 72. Bc1 Qg3+ 73. Kf1 Qf3+ 74. Ke1 Qh1+ 
75. Kd2 Qh2+ 76. Kd1 Qg1+ 77. Kd2 Qh2+ 78. Kd1 Qg1+ 79. Kd2 Qf2+ 80. Kc3 Qxh4 
81. Qxa4 Qg3+ 82. Kc4 Nxf4 83. Qd7+ Kg6 84. Bb2 h4 85. Be5 Qf3 86. Qg7+ Kh5 
87. Kb5 Qd5+ 88. Kb6 Ne6 89. Qh8+ Kg4 90. Bf6 Ng5 91. Be5 h3 92. Bh2 Qb3+ 
93. Kc7 Qc2+ 94. Kb7 Qxh2 95. Qd4+ Qf4 96. Qg1+ Kh5 97. Kb6 h2 98. Qh1 Qe3+ 
99. Ka6 Qg1 100. Qc6 Qa1+ 101. Kb6 h1=Q 102. Qe8+ Kh4 103. Qd7 Qha8 
104. Qa4+ Q1xa4 105. Kc7 Q4c6# 0-1

[Event "Wednesday Jan 24 Engine Tour 15 Rd Swiss 12m+1s Starts at 1600hrs ST"]
[Site "Infinity Chess"]
[Date "2018.1.24"]
[Round "13"]
[White "MarioDeMonti"]
[Black "Dinkelberger"]
[Result "1/2-1/2"]
[ECO "C11"]
[WhiteElo "2438"]
[BlackElo "2420"]
[WhiteEngine "stockfish_x64_bmi2_2018_01_13_CTG"]
[BlackEngine "stockfish_18011309_x64_modern_CTG"]
[EventType "Swiss"]
[WhiteTeam ""]
[BlackTeam ""]
[PlyCount "57"]
[TimeControl "720+1"]

1. e4 e6 2. d4 d5 3. Nc3 Nf6 4. e5 Nfd7 5. f4 c5 6. Nf3 Nc6 7. Be3 Be7 8. Qd2 a6 
9. Be2 O-O 10. O-O b5 11. Nd1 c4 12. c3 a5 13. Qc2 f5 14. exf6 Nxf6 15. Nf2 Bd7 
16. b3 Be8 17. a4 Bg6 18. Qa2 cxb3 19. Qxb3 b4 20. Rac1 bxc3 21. Qxc3 Nb4 
22. Qb3 Rb8 23. Bb5 Bd6 24. Ne5 Be8 25. Be2 Nc6 26. Qa2 Nb4 27. Qb3 Nc6 
28. Qa2 Nb4 29. Qb3 1/2-1/2

[Event "Wednesday Jan 24 Engine Tour 15 Rd Swiss 12m+1s Starts at 1600hrs ST"]
[Site "Infinity Chess"]
[Date "2018.1.24"]
[Round "13"]
[White "SkyPilot"]
[Black "star99"]
[Result "1/2-1/2"]
[ECO "B90"]
[WhiteElo "2480"]
[BlackElo "2421"]
[WhiteEngine "stockfish_x64_bmi2_2018_01_13_CTG"]
[BlackEngine "Cryptic AIL V2"]
[EventType "Swiss"]
[WhiteTeam ""]
[BlackTeam ""]
[PlyCount "129"]
[TimeControl "720+1"]

1. e4 c5 2. Nf3 d6 3. d4 cxd4 4. Nxd4 Nf6 5. Nc3 a6 6. Be3 e5 7. Nb3 Be7 
8. Be2 Be6 9. Qd3 Nc6 10. a3 O-O 11. O-O Nd7 12. Rad1 Nc5 13. Nxc5 dxc5 
14. Qxd8 Rfxd8 15. Nd5 Bxd5 16. exd5 Nd4 17. Bd3 g6 18. c4 b5 19. Rfe1 bxc4 
20. Bxc4 Nc2 21. Rf1 a5 22. a4 Kg7 23. b3 e4 24. Bf4 Bd6 25. Bd2 Be5 26. Rc1 Nb4 
27. Rfd1 Bd4 28. Bc3 Bxc3 29. Rxc3 Rd6 30. Re3 Re8 31. f3 f5 32. fxe4 fxe4 
33. Rde1 Nxd5 34. Rxe4 Rxe4 35. Rxe4 Nb6 36. Re7+ Kf6 37. Rxh7 Nxc4 38. bxc4 Ke5 
39. Ra7 Kd4 40. Rxa5 Kxc4 41. g3 Rf6 42. Ra8 Kd3 43. Rd8+ Kc3 44. Ra8 c4 
45. a5 Kd3 46. Rd8+ Ke2 47. Rc8 Kd3 48. Rd8+ Ke3 49. Rc8 Kd4 50. Rd8+ Kc5 
51. Rc8+ Kb4 52. h4 c3 53. g4 Kb3 54. h5 gxh5 55. gxh5 c2 56. Kg2 Rf8 
57. Rc7 Kb2 58. Rb7+ Kc1 59. a6 Kd2 60. Rd7+ Kc1 61. h6 Kb1 62. Rb7+ Kc1 
63. a7 Kd2 64. a8=Q Rxa8 65. Rd7+ 1/2-1/2

[Event "Wednesday Jan 24 Engine Tour 15 Rd Swiss 12m+1s Starts at 1600hrs ST"]
[Site "Infinity Chess"]
[Date "2018.1.24"]
[Round "13"]
[White "Dovahkiin"]
[Black "Marsell"]
[Result "1/2-1/2"]
[ECO "A00"]
[WhiteElo "2428"]
[BlackElo "2497"]
[WhiteEngine "BrainFish_180113_x64_modern_CTG"]
[BlackEngine "asmFishW_2018-01-11_popcnt"]
[EventType "Swiss"]
[WhiteTeam ""]
[BlackTeam ""]
[PlyCount "80"]
[TimeControl "720+1"]

1. e3 e5 2. e4 Nf6 3. Nc3 Bc5 4. Bc4 c6 5. Nf3 d6 6. d3 O-O 7. a4 Bg4 8. Ba2 Na6 
9. h3 Bh5 10. g4 Bg6 11. O-O Re8 12. g5 Nh5 13. Nh4 Nc7 14. Qg4 Bb6 
15. Nxg6 hxg6 16. Rb1 a5 17. Be3 Ne6 18. h4 Bc7 19. Ne2 d5 20. exd5 cxd5 
21. Qf3 e4 22. dxe4 dxe4 23. Qg2 Nef4 24. Bxf4 Bxf4 25. Ng3 Re5 26. Rbd1 Qe7 
27. c3 Rd8 28. Rd4 Kf8 29. Qh3 Nxg3 30. Rxd8+ Qxd8 31. fxg3 Be3+ 32. Kh1 Rf5 
33. Rxf5 gxf5 34. Qxf5 Qd1+ 35. Kg2 Qg1+ 36. Kh3 Qh1+ 37. Kg4 Qd1+ 38. Kh3 Qh1+ 
39. Kg4 Qd1+ 40. Kh3 Qh1+ 1/2-1/2